 Dungeon Crawl Stone Soup version 0.18.1-8-gdd0e5ea (webtiles) character file.

871 MARSONE the Shield-Bearer (level 8, -4/48 HPs)
             Began as a Gargoyle Fighter on May 27, 2016.
             Was an Initiate of Makhleb.
             Engulfed by a cloud of freezing vapour (18 damage)
             ... on level 5 of the Dungeon.
             The game lasted 00:23:33 (4406 turns).

MARSONE the Shield-Bearer (Gargoyle Fighter)        Turns: 4406, Time: 00:23:34

Health: -4/48      AC: 21    Str: 21    XL:     8   Next: 3%
Magic:  8/8        EV:  4    Int: 10    God:    Makhleb [......]
Gold:   276        SH: 10    Dex:  9    Spells: 0 memorised, 7 levels left

rFire  + . .     SeeInvis .     A - +0 morningstar
rCold  . . .     Gourm    .     o - +0 plate armour
rNeg   + . .     Faith    .     c - +0 shield
rPois  ∞         Spirit   .     g - +0 helmet
rElec  +         Dismiss  .     (no cloak)
rCorr  .         Reflect  .     i - +0 pair of gloves
SustAt .         Harm     .     B - +0 pair of boots
MR     .....                    (no amulet)
Stlth  ..........               M - ring of loudness (curse)
                                n - ring of protection from fire

@: not resistant to hostile enchantments, extremely unstealthy
A: negative energy resistance 1, electricity resistance, unbreathing,
petrification resistance, rot immunity, AC +5
a: Renounce Religion


You were on level 5 of the Dungeon.
You worshipped Makhleb.
Makhleb was noncommittal.
You were not hungry.

You visited 1 branch of the dungeon, and saw 5 of its levels.

You collected 276 gold pieces.

Inventory:

Hand Weapons
 a - a +0 flail
 A - a +0 morningstar (weapon)
Armour
 c - a +0 shield (worn)
 g - a +0 helmet (worn)
 i - a +0 pair of gloves (worn)
 o - a +0 plate armour (worn)
 p - a +0 pair of gloves
 y - a +0 pair of gloves
 B - a +0 pair of boots (worn)
Jewellery
 n - a ring of protection from fire (left hand)
 w - an uncursed amulet of faith
 M - a cursed ring of loudness (right hand)
Wands
 L - a wand of iceblast (6/15)
 O - a wand of lightning (3/15)
Scrolls
 b - a scroll of recharging {unknown}
 e - 8 scrolls of identify {unknown}
 j - a scroll of fog {unknown}
 k - 2 scrolls of random uselessness {unknown}
 q - 2 scrolls of enchant armour {unknown}
 r - a scroll of remove curse {unknown}
 u - a scroll of noise {unknown}
 z - a scroll of magic mapping {unknown}
 C - a scroll of enchant weapon {unknown}
 D - a scroll of immolation {unknown}
 G - a scroll of fear {unknown}
 H - a scroll of teleportation {unknown}
Potions
 d - a potion of might
 l - 4 potions of curing {unknown}
 s - 2 potions of flight {unknown}
 t - a potion of cure mutation {unknown}
 v - a potion of berserk rage {unknown}
 x - a potion of resistance {unknown}
 F - a potion of heal wounds {unknown}
 J - a potion of invisibility {unknown}
 K - a potion of brilliance {unknown}
Comestibles
 f - 6 bread rations
 h - 7 fruits
 m - 3 beef jerkies
 E - a slice of pizza
 I - a meat ration
 N - 7 chunks of flesh


   Skills:
 + Level 4.9 Fighting
 + Level 4.6 Maces & Flails
 + Level 6.0 Armour
 + Level 6.5 Shields


You had 7 spell levels left.
You didn't know any spells.

Dungeon Overview and Level Annotations

Branches:
Dungeon (5/15)
 Temple: D:4-7

Altars:
Cheibriados
Fedhas
Makhleb
Vehumet
Yredelemnul


Innate Abilities, Weirdness & Mutations

You are resistant to torment.
Your stone body is resilient (AC +5).
You are immune to poison.
You resist negative energy.
You are resistant to electric shocks.
You can survive without breathing.
You are immune to petrification.
You are immune to rotting.


Message History

Found a stone staircase leading down.
You open the door.
Really walk into a travel-excluded area?
Uppercase [Y]es or [N]o only, please.
Really walk into a travel-excluded area?
Uppercase [Y]es or [N]o only, please.
Really walk into a travel-excluded area?
There is an open door here.
You are engulfed in freezing vapours.
There is an open door here.
Really walk into a travel-excluded area?
There is an open door here.
You are engulfed in freezing vapours.
You are engulfed in freezing vapours.
* * * LOW HITPOINT WARNING * * *
You're standing in a cloud of freezing vapour!
You are engulfed in freezing vapours.
You are engulfed in freezing vapours.
You are engulfed in freezing vapours.
You die...

...........#..
######..#########.##.##
(.............. ......
######..#########.# .######
..................##.......
.........##################
.......#.#$$$$§§§§§§§§§§§§§
########.##################
.........#..§§§§@§§§§§§§§§§
########.#8'8##############
...........................
####################.##>###
... .. .### ## .# .#


There were no monsters in sight!

Vanquished Creatures
  Grinder (D:5)
  Sigmund (D:5)
  A phantom (D:4)
  An ogre (D:4)
  A scorpion (D:5)
  A crimson imp (D:5)
  A wasp zombie (D:4)
  2 hounds (D:5)
  Crazy Yiuf (D:3)
  A worker ant (D:4)
  5 adders
  An adder skeleton (D:4)
  3 worms (D:2)
  3 dart slugs
  6 giant geckos
  An orc (D:3)
  A ball python (D:2)
  5 giant cockroaches
  7 goblins
  4 hobgoblins
  3 jackals (D:3)
  A quokka (D:2)
  6 bats
  4 giant newts
  6 kobolds
  5 rats
  A fungus (D:3)
73 creatures vanquished.

Notes
Turn   | Place    | Note
--------------------------------------------------------------
     0 | D:1      | MARSONE the Gargoyle Fighter began the quest for the Orb.
     0 | D:1      | Reached XP level 1. HP: 14/14 MP: 1/1
   108 | D:1      | Reached XP level 2. HP: 19/19 MP: 2/2
   505 | D:1      | Reached XP level 3. HP: 23/23 MP: 3/3
  1301 | D:2      | Reached XP level 4. HP: 23/28 MP: 4/4
  2238 | D:3      | Found a snail-covered altar of Cheibriados.
  2527 | D:3      | Reached XP level 5. HP: 32/33 MP: 5/5
  2774 | D:3      | Noticed Crazy Yiuf
  2778 | D:3      | Killed Crazy Yiuf
  2882 | D:4      | Noticed a phantom
  2973 | D:4      | Killed a phantom
  2973 | D:4      | Reached skill level 5 in Shields
  2973 | D:4      | Reached XP level 6. HP: 28/38 MP: 6/6
  3185 | D:4      | Reached skill level 5 in Armour
  3361 | D:4      | Found a burning altar of Makhleb.
  3364 | D:4      | Became a worshipper of Makhleb the Destroyer
  3738 | D:5      | Entered Level 5 of the Dungeon
  3747 | D:5      | Noticed Grinder
  3775 | D:5      | Killed Grinder
  3775 | D:5      | Reached XP level 7. HP: 17/44 MP: 7/7
  4033 | D:5      | Found a basalt altar of Yredelemnul.
  4255 | D:5      | Found a radiant altar of Vehumet.
  4265 | D:5      | Found a blossoming altar of Fedhas.
  4286 | D:5      | Noticed Sigmund
  4294 | D:5      | Killed Sigmund
  4294 | D:5      | Reached XP level 8. HP: 44/48 MP: 8/8
  4406 | D:5      | Engulfed by a cloud of freezing vapour

Skill      XL: |  1  2  3  4  5  6  7  8 |
---------------+-------------------------+-----
Shields        | 4 5 6 |  6.5
Armour         | 4 5 6 |  6.0
Maces & Flails | 3 4 |  4.6
Fighting       | 4 |  4.9

Action                   |  1- 3 |  4- 6 |  7- 9 || total
-------------------------+-------+-------+-------++-------
Melee: Flail             |   137 |   157 |       ||   294
       Morningstar       |       |   121 |    31 ||   152
  Use: Potion            |       |     1 |       ||     1
  Eat: Chunk             |     2 |     6 |       ||     8
       Bread ration      |       |     1 |       ||     1
Armor: Scale mail        |    82 |       |       ||    82
       Plate armour      |     9 |   187 |    19 ||   215
       Skin              |       |     3 |       ||     3
Dodge: Dodged            |    58 |    27 |     9 ||    94
Block: Shield            |    96 |   151 |    13 ||   260
